 Dungeon Crawl Stone Soup version 0.27.1-1-g398f81649c (webtiles) character file.

Game seed: 4559451693961716951

626 MisterFreud the Shield-Bearer (level 7, 0/60 HPs)
             Began as a Gnoll Fighter on Sept 16, 2021.
             Was an Elder of Elyvilon.
             Slain by Pikel (5 damage)
             ... on level 5 of the Dungeon.
             The game lasted 00:05:07 (4738 turns).

MisterFreud the Shield-Bearer (Gnoll Fighter)       Turns: 4738, Time: 00:05:08

Health: 0/60       AC: 13    Str: 15    XL:     7   Next: 47%
Magic:  10/10      EV:  9    Int:  9    God:    Elyvilon [****..]
Gold:   112        SH: 10    Dex: 12    Spells: 11/11 levels left

rFire    + . .     SeeInvis .   a - +0 rapier
rCold    . . .     Faith    .   c - +0 kite shield
rNeg     . . .     Spirit   .   m - +2 ring mail {rF+}
rPois    .         Reflect  .   (no helmet)
rElec    .         Harm     .   l - +0 cloak
rCorr    .         Rampage  .   (no gloves)
Will     .....                  (no boots)
Stlth    +.........             (no amulet)
HPRegen  0.20/turn              k - +4 ring of protection
MPRegen  0.12/turn              j - ring of wizardry

@: mighty
A: fangs 1, strong nose, distributed training
a: Renounce Religion, Lesser Healing, Heal Other, Purification, Greater Healing,
Divine Protection


You were on level 5 of the Dungeon.
You worshipped Elyvilon.
Elyvilon was greatly pleased with you.
You visited 1 branch of the dungeon, and saw 6 of its levels.

You collected 112 gold pieces.

Inventory:

Hand Weapons
 a - a +0 rapier (weapon)
Missiles
 o - 8 datura-tipped darts (quivered)
 q - 7 boomerangs
Armour
 b - a +0 scale mail
 c - a +0 kite shield (worn)
 l - a +0 cloak (worn)
 m - a +2 ring mail of fire resistance (worn)
Jewellery
 j - a ring of wizardry (right hand)
 k - a +4 ring of protection (left hand)
 t - a ring of magical power
Wands
 r - a wand of polymorph (7)
Scrolls
 e - 2 scrolls of torment {unknown}
 f - 3 scrolls of enchant weapon {unknown}
 g - 5 scrolls of identify
 h - 2 scrolls of teleportation {unknown}
 i - 3 scrolls of magic mapping {unknown}
 s - 2 scrolls of immolation {unknown}
 u - 2 scrolls of noise {unknown}
Potions
 n - 2 potions of curing
 p - a potion of attraction


   Skills:
 + Level 7.0 Fighting
 + Level 5.2 Short Blades
 + Level 2.5 Long Blades
 + Level 2.5 Axes
 + Level 2.5 Maces & Flails
 + Level 2.5 Polearms
 + Level 2.5 Staves
 + Level 2.5 Slings
 + Level 2.5 Bows
 + Level 2.5 Crossbows
 + Level 2.5 Throwing
 + Level 7.0 Armour
 + Level 2.5 Dodging
 + Level 2.5 Stealth
 + Level 7.0 Shields
 + Level 2.5 Unarmed Combat
 + Level 2.5 Spellcasting
 + Level 2.0 Conjurations
 + Level 2.0 Hexes
 + Level 2.0 Summonings
 + Level 2.0 Necromancy
 + Level 2.0 Translocations
 + Level 2.0 Transmutations
 + Level 2.0 Fire Magic
 + Level 2.0 Ice Magic
 + Level 2.0 Air Magic
 + Level 2.0 Earth Magic
 + Level 2.0 Poison Magic
 + Level 2.8 Invocations
 + Level 2.5 Evocations


You had 11 spell levels left.
You didn't know any spells.
Your spell library contained the following spells:

 Spells                   Type           Power      Damage    Failure   Level
 Summon Guardian Golem    Hex/Summ       4%         N/A       58%         3
 Leda's Liquefaction      Hex/Erth       2%         N/A       92%         4
 Lightning Bolt           Conj/Air       2%         1d13      99%         5
 Orb of Destruction       Conj           2%         9d1       100%        7
 Spellforged Servitor     Conj/Summ      2%         N/A       100%        7
 Fire Storm               Conj/Fire      2%         8d1       100%        9


Dungeon Overview and Level Annotations

Branches:
Dungeon (6/15)             Temple (0/1) D:5

Altars:
Elyvilon

Annotations:
D:5 Pikel


Innate Abilities, Weirdness & Mutations

You have very sharp teeth.
Your uncanny sense of smell can sniff out nearby items.
Your experience applies equally to all skills.


Message History

Pikel is heavily wounded.
Pikel hits you with a +2 whip of freezing!
Pikel freezes you.
You completely miss Pikel.
Pikel is heavily wounded.
Pikel closely misses you.
You miss Pikel.
Pikel is heavily wounded.
Pikel hits you with a +2 whip of freezing.
Pikel freezes you.
You puncture Pikel!
Pikel is severely wounded.
Pikel hits you with a +2 whip of freezing.
* * * LOW HITPOINT WARNING * * *
Pikel freezes you.
* * * LOW HITPOINT WARNING * * *
Your shield and ring mail prevent you from hitting Pikel.
Pikel is severely wounded.
Pikel hits you with a +2 whip of freezing.
* * * LOW HITPOINT WARNING * * *
Pikel freezes you.
* * * LOW HITPOINT WARNING * * *
You puncture Pikel!
Pikel is almost dead.
Pikel hits you but does no damage. x2
You closely miss Pikel.
Pikel is almost dead.
Pikel hits you but does no damage.
Unknown command.
You barely miss Pikel.
Pikel is almost dead.
Pikel hits you with a +2 whip of freezing.
* * * LOW HITPOINT WARNING * * *
Pikel freezes you.
* * * LOW HITPOINT WARNING * * *
Unknown command.
You closely miss Pikel.
Pikel is almost dead.
Pikel hits you with a +2 whip of freezing.
You die...

#........#
#...........#
#........#
#....#####+##
#........## ....
#.........####+#####
###########.##.......#
.......>.....).......+
###...#####.##.......#
###...# #.####.#####
P..#### #[# #@# $P.#
####.####K## $P.#
#.......555##### $P.#
#........5.....# PP.#
#..............# ####
#..............#
#..............###
#................#
#......#.#.#.#.#.#


You could see Pikel and 4 lemures.

Vanquished Creatures
  Duvessa (D:5)
  An ogre (D:4)
  Dowan (D:5)
  A bullfrog zombie (D:3)
  A hound (D:4)
  An orc priest (D:4)
  Crazy Yiuf (D:2)
  A centaur skeleton (D:4)
  An iguana (D:4)
  An orc wizard (D:4)
  A gnoll (D:2)
  7 adders
  2 adder skeletons (D:4)
  A worm (D:3)
  5 dart slugs
  7 orcs
  9 bats
  9 endoplasms
  3 giant cockroaches
  7 goblins
  8 hobgoblins
  3 jackals (D:2)
  A quokka (D:1)
  9 ball pythons
  5 frilled lizards
  6 kobolds
  5 rats
98 creatures vanquished.

Vanquished Creatures (others)
  5 toadstools (D:5)
5 creatures vanquished.

Grand Total: 103 creatures vanquished

Notes
Turn   | Place    | Note
-------+----------+-------------------------------------------
     0 | D:1      | MisterFreud the Gnoll Fighter began the quest for the Orb.
     0 | D:1      | Reached XP level 1. HP: 23/23 MP: 1/1
   245 | D:1      | Reached XP level 2. HP: 29/29 MP: 2/2
   314 | D:1      | Found a faded altar of an unknown god.
   329 | D:1      | Became a worshipper of Elyvilon the Healer
   329 | D:1      | Reached * piety under Elyvilon
   591 | D:1      | Reached XP level 3. HP: 35/35 MP: 3/3
   978 | D:2      | Reached skill level 1 in Invocations
   986 | D:2      | Reached skill level 1 in Long Blades
   986 | D:2      | Reached skill level 1 in Axes
   986 | D:2      | Reached skill level 1 in Maces & Flails
   986 | D:2      | Reached skill level 1 in Polearms
   986 | D:2      | Reached skill level 1 in Staves
   986 | D:2      | Reached skill level 1 in Slings
   986 | D:2      | Reached skill level 1 in Bows
   986 | D:2      | Reached skill level 1 in Crossbows
   986 | D:2      | Reached skill level 1 in Throwing
   986 | D:2      | Reached skill level 1 in Dodging
   986 | D:2      | Reached skill level 1 in Stealth
   986 | D:2      | Reached skill level 1 in Unarmed Combat
   986 | D:2      | Reached skill level 1 in Spellcasting
   986 | D:2      | Reached skill level 1 in Evocations
   999 | D:2      | Reached XP level 4. HP: 33/41 MP: 5/5
  1089 | D:2      | Reached ** piety under Elyvilon
  1536 | D:2      | Reached skill level 1 in Conjurations
  1536 | D:2      | Reached skill level 1 in Hexes
  1536 | D:2      | Reached skill level 1 in Summonings
  1536 | D:2      | Reached skill level 1 in Necromancy
  1536 | D:2      | Reached skill level 1 in Translocations
  1536 | D:2      | Reached skill level 1 in Transmutations
  1536 | D:2      | Reached skill level 1 in Fire Magic
  1536 | D:2      | Reached skill level 1 in Ice Magic
  1536 | D:2      | Reached skill level 1 in Air Magic
  1536 | D:2      | Reached skill level 1 in Earth Magic
  1536 | D:2      | Reached skill level 1 in Poison Magic
  1857 | D:2      | Found a runed translucent door.
  1858 | D:2      | Noticed Crazy Yiuf
  2051 | D:2      | Killed Crazy Yiuf
  2052 | D:2      | Reached XP level 5. HP: 28/47 MP: 5/7
  2398 | D:3      | Reached *** piety under Elyvilon
  2609 | D:3      | Got Dispater's Handbook of Earthen Battle Magic
  3262 | D:3      | Reached **** piety under Elyvilon
  3436 | D:4      | Reached XP level 6. HP: 53/53 MP: 8/8
  3598 | D:4      | Reached skill level 5 in Short Blades
  4147 | D:4      | Reached XP level 7. HP: 50/59 MP: 10/10
  4354 | D:5      | Entered Level 5 of the Dungeon
  4448 | D:5      | Noticed Dowan
  4448 | D:5      | Noticed Duvessa
  4473 | D:5      | Killed Duvessa
  4663 | D:5      | Killed Dowan
  4681 | D:5      | Found a staircase to the Ecumenical Temple.
  4694 | D:5      | Noticed Pikel
  4738 | D:5      | Slain by Pikel

Illustrated notes

Levels and vault maps discovered:
D:1:      dpeg_arrival_fog, layout_loops_corners, ebering_ecumenical_altar_ruins
D:2:      layout_loops_ring, serial_co_window_serial, co_window_paths_a,
          co_window_paths_a, co_window_paths_b, co_window_paths_a,
          co_window_paths_b, co_window_corner_a, co_window_paths_b,
          co_window_of_opportunity_a, co_window_paths_b, co_window_2corner,
          co_window_paths_c, co_window_cross_2, co_window_cross_2,
          co_window_unsneaky_path_e, glass_columns_c, minmay_circle_x,
          uniq_crazy_yiuf_cottage
D:3:      layout_basic, nrook_mini_backslash
D:4:      layout_rooms, kennysheep_cross_bottleneck,
          minmay_misc_feat_secret_circle, minmay_misc_feat_nine_boxes,
          minmay_misc_feat_pillars
D:5:      layout_basic, minmay_temple_entry_glass, minmay_gold_behind_fungi,
          uniq_pikel, uniq_sigmund, uniq_duvessa, uniq_menkaure
D:6:      layout_basic, hangedman_glass_teeth, minmay_checkerbox

Skill      XL: |  1  2  3  4  5  6  7 |
---------------+----------------------+-----
Invocations    | 1 2 |  2.8
Long Blades    | 1 2 |  2.5
Axes           | 1 2 |  2.5
Maces & Flails | 1 2 |  2.5
Polearms       | 1 2 |  2.5
Staves         | 1 2 |  2.5
Slings         | 1 2 |  2.5
Bows           | 1 2 |  2.5
Crossbows      | 1 2 |  2.5
Throwing       | 1 2 |  2.5
Dodging        | 1 2 |  2.5
Stealth        | 1 2 |  2.5
Unarmed Combat | 1 2 |  2.5
Spellcasting   | 1 2 |  2.5
Evocations     | 1 2 |  2.5
Conjurations   | 1 2 |  2.0
Hexes          | 1 2 |  2.0
Summonings     | 1 2 |  2.0
Necromancy     | 1 2 |  2.0
Translocations | 1 2 |  2.0
Transmutations | 1 2 |  2.0
Fire Magic     | 1 2 |  2.0
Ice Magic      | 1 2 |  2.0
Air Magic      | 1 2 |  2.0
Earth Magic    | 1 2 |  2.0
Poison Magic   | 1 2 |  2.0
Short Blades   | 5 |  5.2
Fighting       | 7 |  7.0
Armour         | 7 |  7.0
Shields        | 7 |  7.0

Action                   |  1- 3 |  4- 6 |  7- 9 || total
-------------------------+-------+-------+-------++-------
Melee: Rapier            |    95 |   250 |    58 ||   403
       Bite              |     2 |    30 |     8 ||    40
       Unarmed           |       |     7 |       ||     7
Throw: Dart              |       |     4 |       ||     4
  Use: Scroll            |       |     2 |       ||     2
       Potion            |       |       |     1 ||     1
 Stab: Sleeping          |       |     1 |       ||     1
Armor: Scale mail        |    31 |    32 |       ||    63
       Ring mail         |       |    72 |    24 ||    96
Dodge: Dodged            |    23 |    71 |    10 ||   104
Block: Kite shield       |    42 |   113 |    24 ||   179
